Map: Mist Opportunities

Players

KIRA

  • Race: Terran Terran
  • Spawn Location: 5:00

NamroodTuo

  • Race: Terran Terran
  • Spawn Location: 6:00

VOD

Have the link to the VOD?

Description

Time

  • Played on: April 3, 2023, 9:02 a.m.
  • Length: 30:10
Show
View Real Time Build Order
Export as new Build Order

KIRA Terran 

Build Orders:  

Get SALT Encoding   

  12  0:25  Refinery  
  12  0:31  Refinery  
  12  0:45  SCV  
  13  1:02  SCV  
  14  1:31  SCV  
  15  1:44  Factory  
  15  1:48  SCV  
  16  2:05  SCV  
  17  2:44  Unknown  
  17  2:51  Strike Goliath  
  17  2:55  Factory Tech Lab  
  23  3:03  Armory  
  23  3:32  Defensive Drone  
  23  3:55  Ares-Class Targeting System  
  23  4:06  Caduceus Reactor  
  23  4:28  Terran Vehicle and Ship Weapons Level 1  
  23  4:50  Ghost Visor  
  23  5:01  SCV  
  24  5:18  SCV  
  25  5:35  SCV, Infernal Projectiles  
  26  5:45  Graduating Range  
  26  5:52  SCV  
  27  6:29  Lockdown Missiles  
  27  6:35  Operational Efficiency  
  27  7:13  Heavy Siege Tank  
  33  7:52  Terran Vehicle and Ship Weapons Level 2  
  33  9:13  Defensive Drone  
  33  10:51  Defensive Drone  
  33  11:37  Spider Mines  
  33  11:39  Terran Vehicle and Ship Weapons Level 3  
  33  13:06  Infernal Pre-Igniter  
  33  15:09  Strike Goliath  
  39  15:19  Terran Vehicle And Ship Armor Level 1  
  39  15:28  Griffin Airstrike  
  39  16:01  Tactical Airlift  
  39  16:07  Defensive Drone  
  39  16:12  Heavy Siege Tank  
  39  16:19  Defensive Drone  
  45  17:00  Hellbat Rangers  
  49  17:30  Defensive Drone  
  49  18:05  Griffin Airstrike  
  49  18:18  Jump Jet Assault  
  49  19:30  Griffin Airstrike  
  49  19:53  Defensive Drone  
  49  20:11  Terran Vehicle And Ship Armor Level 2  
  49  20:24  Griffin Airstrike  
  49  20:36  Tactical Airlift  
  49  20:55  Defensive Drone  
  49  21:20  Griffin Airstrike  
  49  21:43  Defensive Drone  
  49  22:33  Defensive Drone  
  49  23:20  Defensive Drone  
  49  24:17  Heavy Siege Tank  
  55  25:03  Terran Vehicle And Ship Armor Level 3  
  55  25:15  Strike Goliath  
  61  26:36  Defensive Drone  
  61  26:40  Griffin Airstrike  
  61  27:16  Griffin Airstrike  
  61  28:25  Defensive Drone  
  61  28:27  Defensive Drone  
  61  28:45  Tactical Airlift  
  61  29:02  Griffin Airstrike  
Show
View Real Time Build Order
Export as new Build Order

NamroodTuo Terran 

Build Orders:  

Get SALT Encoding   

  12  0:05  SCV  
  13  0:18  SCV  
  14  0:32  SCV  
  14  0:34  Supply Depot  
  15  0:47  SCV  
  16  1:01  SCV  
  17  1:18  Factory  
  17  1:21  SCV  
  17  1:27  Refinery  
  18  1:50  SCV  
  19  2:05  Perdition Turret  
  19  2:16  SCV  
  20  2:34  Goliath  
  22  2:44  Perdition Turret  
  22  2:51  Refinery  
  22  3:06  Supply Depot  
  22  3:14  Perdition Turret  
  22  3:24  Supply Depot  
  22  3:43  Goliath  
  24  4:12  Engineering Bay  
  24  4:32  Armory  
  24  4:47  SCV  
  25  5:01  SCV  
  26  5:12  Factory Tech Reactor  
  26  5:14  SCV  
  27  5:28  SCV  
  28  5:41  SCV  
  29  5:55  SCV  
  30  6:03  Advanced Optics  
  30  6:08  SCV  
  31  6:22  SCV  
  31  6:23  Goliath  
  34  6:36  SCV  
  35  6:42  Ares-Class Targeting System  
  35  6:56  Spinning Dizzy  
  35  7:32  Command Center  
  35  7:42  Multi-Lock Weapons System  
  35  7:48  Perdition Turret  
  35  7:50  Supply Depot  
  35  8:00  SCV  
  35  8:03  Regenerative Bio-Steel  
  36  8:14  SCV  
  36  8:15  Supply Depot  
  37  8:27  SCV  
  38  8:38  Upgrade Laser Drill Level 1  
  38  8:41  SCV  
  38  8:49  SCV  
  40  9:03  SCV  
  41  9:13  Starport, Fire-Suppression Systems  
  41  9:16  SCV  
  42  9:30  SCV  
  42  9:32  Terran Vehicle and Ship Weapons Level 1  
  43  9:42  Goliath x2  
  43  9:43  SCV  
  48  10:05  Starport Tech Reactor  
  48  10:14  SCV  
  49  10:22  Goliath  
  49  10:27  SCV  
  49  10:28  Goliath  
  54  10:41  SCV  
  55  10:52  Improved Nano-Repair  
  55  10:55  SCV, Science Vessel  
  55  10:57  Science Vessel  
  60  11:08  SCV  
  61  11:18  Devastation Turret  
  61  11:38  Spinning Dizzy  
  61  11:41  Supply Depot  
  61  11:43  Science Vessel  
  63  11:52  Defensive Matrix  
  63  11:59  Devastation Turret  
  63  12:12  Terran Vehicle And Ship Armor Level 1  
  63  12:27  SCV  
  64  12:35  KMC Auto-Loaders  
  64  12:41  SCV  
  64  12:49  Refinery  
  65  12:53  Refinery  
  65  12:54  SCV  
  66  13:08  SCV  
  67  13:21  SCV  
  68  13:35  SCV  
  69  13:48  SCV  
  70  14:01  Factory  
  70  14:02  SCV  
  70  14:05  Structure Armor  
  71  14:16  SCV  
  72  14:29  Goliath x2  
  76  14:41  Supply Depot  
  76  14:52  Terran Vehicle and Ship Weapons Level 2  
  76  15:02  Supply Depot  
  76  15:05  Hi-Sec Auto Tracking  
  76  15:18  Goliath x3  
  82  15:22  Supply Depot  
  82  15:43  Supply Depot  
  82  15:48  Upgrade Laser Drill Level 2  
  82  15:50  Goliath  
  84  16:05  Supply Depot  
  80  16:16  Goliath x2  
  84  16:22  Goliath  
  84  16:26  Supply Depot  
  86  16:39  Displacement Field  
  86  16:43  Infernal Pre-Igniter  
  86  16:48  Goliath x2  
  90  16:54  Goliath  
  92  17:03  Science Vessel x2  
  96  17:15  Supply Depot  
  96  17:16  Supply Depot  
  105  17:20  Goliath  
  98  17:39  Pulse Amplifier  
  98  17:43  Infernal Plating  
  98  17:47  Supply Depot  
  98  17:48  Supply Depot  
  98  17:50  Science Vessel  
  98  17:51  Science Vessel  
  102  18:02  Terran Vehicle And Ship Armor Level 2  
  102  18:20  Supply Depot  
  102  18:21  Supply Depot  
  102  18:43  Maelstrom Rounds  
  102  18:54  Supply Depot  
  102  18:56  Devastation Turret  
  102  19:18  Goliath  
  102  19:19  Goliath x2  
  108  19:24  Perdition Turret  
  108  19:26  Spinning Dizzy  
  108  19:43  Targeting Optics  
  108  19:48  Perdition Turret  
  108  19:50  Goliath  
  108  19:51  Goliath x2  
  108  19:57  Science Vessel x2  
  116  20:22  Goliath  
  118  20:43  Mag-Field Accelerator  
  118  20:45  Science Vessel x2  
  122  21:12  Terran Vehicle and Ship Weapons Level 3  
  122  21:16  Goliath  
  122  21:17  Goliath x2  
  128  21:48  Goliath  
  128  21:49  Goliath x2  
  134  22:13  330mm Barrage Cannon  
  134  23:29  Starport  
  134  23:56  Wraith x2  
  134  23:57  Wraith  
  140  24:36  Wraith x2  
  140  24:37  Wraith  
  146  24:52  Terran Vehicle And Ship Armor Level 3  
  146  25:16  Wraith x2  
  146  25:17  Wraith  
  152  25:56  Wraith x2  
  152  25:57  Wraith  
  156  26:36  Wraith x3  
  162  27:16  Wraith x3  
  168  27:56  Wraith  
Tags
 
Commander
NovaSwann
Matchup
Co-op
Replay Pack
Multiplayer
Add a new tag
Caveats
  • Supply blocks, unpowered buildings, or Contaminate may cause inaccurate times.
  • Supply counts are checked every 10 seconds.